 Dungeon Crawl Stone Soup version 0.27-a0-1438-g9b7c6745da (webtiles) character file.

Game seed: 7960583019525376765

1946 2tc the Ruffian (level 8, -7/75 HPs)
             Began as a Troll Transmuter on July 4, 2021.
             Was a Follower of Okawaru.
             Mangled by Harold (18 damage)
             ... on level 7 of the Dungeon.
             The game lasted 00:14:50 (3814 turns).

2tc the Ruffian (Troll Transmuter)                  Turns: 3814, Time: 00:14:50

Health: -7/75      AC:  5    Str: 19    XL:     8   Next: 98%
Magic:  8/8        EV:  5    Int: 11    God:    Okawaru [*.....]
Gold:   269        SH:  0    Dex: 10    Spells: 2/9 levels left

rFire    . . .     SeeInvis .     - Unarmed
rCold    . . .     Faith    .   (no shield)
rNeg     . . .     Spirit   .   a - +1 robe
rPois    .         Reflect  +   (helmet restricted)
rElec    .         Harm     .   l - scarf {repulsion}
rCorr    .         Rampage  .   (gloves unavailable)
Will     .....                  (boots unavailable)
Stlth    +.........             q - amulet of reflection
HPRegen  1.22/turn              (no ring)
MPRegen  0.11/turn              (no ring)

@: marked, held, repel missiles
A: large, unfitting armour, claws 3, regeneration 1, shaggy fur 1, tough skin 1
a: Renounce Religion, Heroism


You were on level 7 of the Dungeon.
You worshipped Okawaru.
Okawaru was aware of your devotion.
You visited 2 branches of the dungeon, and saw 8 of its levels.

You collected 269 gold pieces.

Inventory:

Missiles
 d - 4 atropa-tipped darts
 e - 2 throwing nets
Armour
 a - a +1 robe (worn)
 l - a scarf of repulsion (worn)
Jewellery
 f - a +6 ring of strength
 q - an amulet of reflection (around neck)
Wands
 g - a wand of flame (16)
 p - a wand of polymorph (7)
Scrolls
 m - 2 scrolls of amnesia
 r - 2 scrolls of enchant armour
Potions
 b - a potion of flight
 h - a potion of curing
 i - a potion of mutation
 j - 3 potions of brilliance
 k - a potion of resistance
 o - a potion of might
 s - a potion of lignification


   Skills:
 - Level 3.0 Fighting
 - Level 3.3 Dodging
 - Level 7.0 Unarmed Combat
 - Level 1.2 Spellcasting
 * Level 6.5 Transmutations


You had 2 spell levels left.
You knew the following spells:

 Your Spells              Type           Power      Damage    Failure   Level
a - Beastly Appendage     Tmut           30%        N/A       2%          1
b - Wereblood             Tmut           15%        N/A       3%          2
c - Ice Form              Ice/Tmut       7%         N/A       63%         4

Your spell library contained the following spells:

 Spells                   Type           Power      Damage    Failure   Level
 Foxfire                  Conj/Fire      0%         2x1d4     32%         1
 Summon Small Mammal      Summ           0%         N/A       32%         1
 Spider Form              Tmut/Pois      3%         N/A       24%         3
 Call Canine Familiar     Summ           0%         N/A       67%         3
 Conjure Flame            Conj/Fire      0%         6-21      67%         3
 Inner Flame              Hex/Fire       0%         N/A       67%         3
 Summon Guardian Golem    Hex/Summ       0%         N/A       67%         3
 Leda's Liquefaction      Hex/Erth       0%         N/A       97%         4
 Summon Ice Beast         Ice/Summ       0%         N/A       97%         4
 Bolt of Magma            Conj/Fire/Erth 0%         4d4       100%        5
 Fireball                 Conj/Fire      0%         3d3       100%        5
 Iskenderun's Battlesphe  Conj           0%         2d6       100%        5
 Summon Mana Viper        Hex/Summ       0%         N/A       100%        5
 Conjure Ball Lightning   Conj/Air       0%         3x3d6     100%        6
 Statue Form              Tmut/Erth      4%         N/A       100%        6
 Monstrous Menagerie      Summ           0%         N/A       100%        7
 Orb of Destruction       Conj           0%         N/A       100%        7


Dungeon Overview and Level Annotations

Branches:
Dungeon (7/15)             Temple (1/1) D:6

Altars:
Ashenzari
Dithmenos
Elyvilon
Fedhas
Gozag
Hepliaklqana
Kikubaaqudgha
Nemelex Xobeh
Okawaru
Qazlal
Ru
Sif Muna
Trog
Wu Jian
Xom
Yredelemnul
Zin

Shops:
D:2 =

Annotations:
D:7 Harold


Innate Abilities, Weirdness & Mutations

You are too large for most types of armour.
You have claws for hands.
Your natural rate of healing is unusually fast.
You are covered in fur. (AC +1)
You have tough skin. (AC +1)


Message History

Okawaru accepts your kill. Harold fires a harpoon shot at you.
The harpoon shot hits you!
You are yanked forward by the harpoon shot.
You barely miss Harold.
Harold is lightly wounded.
Your horns disappear.
Your talons disappear.
Harold hits you with a +0 scimitar!
* * * LOW HITPOINT WARNING * * *
You feel much better.
Harold points at you and mumbles some strange words.
The mark upon you grows brighter.
Okay, then.
You claw Harold!
Harold is lightly wounded.
You block Harold's attack.
You scratch Harold.
Harold is lightly wounded.
Harold barely misses you.
You closely miss Harold.
Harold is lightly wounded.
Harold points at you and mumbles some strange words.
The mark upon you grows brighter.
You scratch Harold but do no damage.
Harold is lightly wounded.
Harold hits you with a +0 scimitar!!
* * * LOW HITPOINT WARNING * * *
You feel better. Harold hits you with a +0 scimitar!!
* * * LOW HITPOINT WARNING * * *
Harold says, "Do you have any idea what people are willing to pay to have you killed, 2tc?"
Harold throws a throwing net.
The throwing net hits you.
You become entangled in the net!
There is a stone staircase leading up here.
You see here a throwing net.
You struggle against the net.
Harold fires a harpoon shot at you.
The harpoon shot is repelled.
You struggle against the net.
You struggle against the net.
Harold hits you with a +0 scimitar!!
You die...

#.#.####.#
#........#
###.######
#.########
#.........
#..####...
#..#
###..####.#
#....@@..(#
#.#######.#
#.# #.# #.#
#.# #.# #@#
#.#


You could see Harold.

Vanquished Creatures
  2 sky beasts
  An ice beast (D:7)
  A black bear (D:6)
  2 ogres
  A centaur (D:7)
  2 phantoms (D:5)
  2 scorpions
  A bullfrog (D:6)
  A water moccasin skeleton (D:6)
  9 wights (D:7)
  An electric eel (D:6)
  2 hounds (D:5)
  A bullfrog skeleton (D:7)
  3 orc priests
  A gnoll shaman (D:5)
  3 iguanas
  2 howler monkey zombies
  6 adders
  7 gnolls
  2 shadow imps
  2 white imps
  An ufetubus (D:6)
  2 worms
  2 dart slugs
  14 orcs
  3 ball pythons
  4 bats
  2 endoplasms
  A giant cockroach (D:3)
  6 goblins
  5 hobgoblins
  5 jackals (D:3)
  2 quokkas
  2 frilled lizards
  7 kobolds
  A rat (D:3)
109 creatures vanquished.

Vanquished Creatures (others)
  A kobold (D:6)
1 creature vanquished.

Grand Total: 110 creatures vanquished

Notes
Turn   | Place    | Note
-------+----------+-------------------------------------------
     0 | D:1      | 2tc the Troll Transmuter began the quest for the Orb.
     0 | D:1      | Reached XP level 1. HP: 18/18 MP: 1/1
   131 | D:1      | Reached XP level 2. HP: 26/26 MP: 2/2
   156 | D:1      | Learned a level 2 spell: Wereblood
   214 | D:1      | You fall into a shaft and drop 1 floor!
   268 | D:2      | Found a faded altar of an unknown god.
   269 | D:2      | Found Enuacw's Jewellery Emporium.
   277 | D:2      | Became a worshipper of Elyvilon the Healer
   277 | D:2      | Reached * piety under Elyvilon
   487 | D:3      | Reached skill level 4 in Unarmed Combat
   492 | D:3      | Reached XP level 3. HP: 19/32 MP: 0/3
   640 | D:3      | Found a bloodstained altar of Trog.
   680 | D:3      | Reached XP level 4. HP: 24/40 MP: 2/4
   681 | D:3      | Reached skill level 5 in Unarmed Combat
   824 | D:3      | Reached XP level 5. HP: 33/46 MP: 3/5
  1346 | D:4      | Reached ** piety under Elyvilon
  1355 | D:4      | Noticed an ogre
  1362 | D:4      | Killed an ogre
  1363 | D:4      | Reached skill level 6 in Unarmed Combat
  1440 | D:4      | Reached XP level 6. HP: 38/54 MP: 4/6
  1443 | D:4      | Reached skill level 7 in Unarmed Combat
  1491 | D:4      | Learned a level 4 spell: Ice Form
  1829 | D:5      | Entered Level 5 of the Dungeon
  2168 | D:5      | Reached XP level 7. HP: 33/61 MP: 4/7
  2456 | D:6      | Reached *** piety under Elyvilon
  2689 | D:6      | Reached skill level 5 in Transmutations
  2694 | D:6      | Reached skill level 1 in Fighting
  2694 | D:6      | Reached XP level 8. HP: 72/72 MP: 8/8
  3047 | D:6      | Found a staircase to the Ecumenical Temple.
  3056 | Temple   | Entered the Ecumenical Temple
  3154 | Temple   | Fell from the grace of Elyvilon
  3154 | Temple   | Became a worshipper of Warmaster Okawaru
  3500 | D:7      | Reached * piety under Okawaru
  3750 | D:7      | Noticed Harold
  3814 | D:7      | Mangled by Harold

Illustrated notes

Levels and vault maps discovered:
D:1:      dpeg_arrival_tiny_b, layout_loops_ring
D:2:      layout_basic, serial_shops, shop, basic_ecumenical_altar
D:3:      layout_basic, old_standard_altar, dk_noncrumbling_2
D:4:      layout_rooms, minivault_23, minmay_cupped
D:5:      layout_rooms
D:6:      corexii_shack_village, layout_basic, minmay_temple_entry_glassed_door,
          kennysheep_generic_room_4
D:7:      minmay_angry_zag, layout_loops_ring, uniq_harold
Temple:   regret_index_temple_waves

Skill      XL: |  1  2  3  4  5  6  7  8 |
---------------+-------------------------+-----
Unarmed Combat | 4 5 6 7 |  7.0
Transmutations | 3 5 6 |  6.5
Fighting       | 1 3 |  3.0
Dodging        | 3 |  3.3
Spellcasting   | |  1.2

Action                   |  1- 3 |  4- 6 |  7- 9 || total
-------------------------+-------+-------+-------++-------
Melee: Unarmed           |    58 |   107 |   115 ||   280
       Kick              |     5 |    12 |    17 ||    34
       Headbutt          |     2 |     7 |     8 ||    17
       Punch             |       |     1 |     4 ||     5
 Cast: Beastly Appendage |     4 |    13 |    17 ||    34
       Wereblood         |       |     2 |       ||     2
Invok: Lesser Healing    |     1 |       |       ||     1
  Use: Scroll            |     2 |     9 |     3 ||    14
       Potion            |       |       |     2 ||     2
Armor: Robe              |    29 |    24 |    14 ||    67
Dodge: Dodged            |    28 |    46 |    40 ||   114
       Repelled          |       |       |     2 ||     2
Block: Other             |       |       |    11 ||    11
       Reflection        |       |       |     1 ||     1

Table legend: (Time is in decaauts)
 A = Elapsed time spent in this place.
 B = Non-inter-level travel time spent in this place.
 C = Inter-level travel time spent in this place.
 D = Time resting spent in this place.
 E = Time spent auto-exploring this place.
 F = Levels seen in this place.
 G = Mean time per level.
                   A        B        C        D        E       F      G
               +--------+--------+--------+--------+--------+-----+--------+
         Total |   3786 |   3671 |    115 |     39 |   2944 |   8 |  473.2 |
       Dungeon |   3663 |   3569 |     94 |     39 |   2865 |   7 |  523.3 |
        Temple |    123 |    103 |     20 |      0 |     79 |   1 |  123.0 |
               +--------+--------+--------+--------+--------+-----+--------+

Top non-repeatable levels by time:
     D:3: 914 daAuts
     D:6: 896 daAuts
     D:5: 620 daAuts
     D:4: 486 daAuts
     D:7: 331 daAuts
     D:1: 212 daAuts
     D:2: 201 daAuts
  Temple: 123 daAuts
